AoeStats
← NotGG

Black Forest

504874426Analyzed
1v1 RM · 26d ago on Sep 6, 2026· 19m 52s· 2 players
Game mode
Random Map
Map size
Tiny (2 player)
Population
200
Speed
Normal
Resources
Standard
Victory
Conquest
Starting age
Dark Age
Ending age
Imperial Age
RankedLock teamsTeams togetherTeam positionsShared explorationLock speedFull tech treeHidden civsTurbo modeCheats
Victory
Defeat
🇦🇷 Bohemians · Argentina
1385
+16
🇸🇻 Goths · El Salvador
1384
-16
Trimetroprim
0:26 Loom
11:20 Feudal Age
15:10 Castle Age
14:15 Double-Bit Axe
18:14 Town Watch
NotGG
6:18 Loom
9:02 Feudal Age
9:48 Double-Bit Axe
15:24 Town Watch
17:57 Castle Age
Connection lost

Rejoining the realm…

Still unreachable

The connection could not be restored.

Session expired

The server has moved on; the page needs a fresh start.